 Dungeon Crawl Stone Soup version 0.18.1-48-g4cf74bf (webtiles) character file.

7627 Fudda the Severer (level 10, -2/80 HPs)
             Began as a Minotaur Berserker on Sept 4, 2016.
             Was an Elder of Trog.
             Slain by a warg (6 damage)
             ... on level 2 of the Orcish Mines on Sept 6, 2016.
             The game lasted 01:48:12 (9794 turns).

Fudda the Severer (Minotaur Berserker)              Turns: 9794, Time: 01:48:17

Health: -2/80      AC: 19    Str: 29    XL:     10   Next: 98%
Magic:  9/9        EV:  8    Int:  4    God:    Trog [****..]
Gold:   628        SH:  0    Dex:  7    Spells: 0 memorised, 9 levels left

rFire  . . .     SeeInvis .     R - +0 battleaxe
rCold  . . .     Gourm    .     K - +0 plate armour
rNeg   . . .     Faith    .     (shield currently unavailable)
rPois  .         Spirit   .     (helmet restricted)
rElec  .         Dismiss  .     i - +2 cloak
rCorr  .         Reflect  .     (no gloves)
SustAt +         Harm     .     Q - +0 pair of boots
MR     ++...                    (no amulet)
Stlth  ..........               v - +3 ring of strength
                                n - ring of sustain attributes

@: exhausted, about to teleport, regenerating, slowed, very slow, very resistant
to hostile enchantments, extremely unstealthy
A: retaliatory headbutt, horns 2, clumsy 1, deterioration 1, screaming 1
a: Berserk, Trog's Hand, Brothers in Arms, Burn Spellbooks, Renounce Religion


You were on level 2 of the Orcish Mines.
You worshipped Trog.
Trog was greatly pleased with you.
You were hungry.

You visited 3 branches of the dungeon, and saw 12 of its levels.

You collected 628 gold pieces.

Inventory:

Hand Weapons
 b - a +0 war axe
 R - a +0 battleaxe (weapon)
Missiles
 D - 2 needles of frenzy
Armour
 i - a +2 cloak (worn)
 I - a +0 buckler
 K - a +0 plate armour (worn)
 L - a troll hide
 Q - a +0 pair of boots (worn)
Jewellery
 n - a ring of sustain attributes (left hand)
 v - a +3 ring of strength (right hand)
 E - an uncursed ring of magical power {unknown}
 H - an uncursed amulet of magic regeneration {unknown}
Wands
 q - a wand of flame (37/48)
 B - a wand of confusion (24/48)
 M - a wand of flame (25/48)
Scrolls
 d - 7 scrolls of identify
 e - 3 scrolls of teleportation
 k - 2 scrolls of amnesia {unknown}
 l - 2 scrolls of noise {unknown}
 r - 5 scrolls of enchant armour {unknown}
 t - a scroll of recharging {unknown}
 y - 2 scrolls of random uselessness {unknown}
 z - a scroll of magic mapping {unknown}
 F - a scroll of blinking {unknown}
 J - 2 scrolls of enchant weapon {unknown}
 N - a scroll of fear {unknown}
 P - a scroll of fog {unknown}
Potions
 f - 9 potions of curing {unknown}
 j - 2 potions of haste {unknown}
 m - a potion of ambrosia {unknown}
 o - a potion of cancellation {unknown}
 p - a potion of cure mutation {unknown}
 s - 4 potions of degeneration {unknown}
 u - a potion of agility {unknown}
 w - 3 potions of lignification {unknown}
 A - 2 potions of invisibility
 G - a potion of flight {unknown}
Books
 a - a book of Misfortune

   Spells                             Type                      Level
   a - Confusing Touch                Hexes                        2
   b - Confuse                        Hexes                        3
   c - Gell's Gravitas                Hexes/Translocation          3
   d - Petrify                        Transmutation/Earth          4
   e - Metabolic Englaciation         Hexes/Ice                    5
   f - Yara's Violent Unravelling     Hexes/Transmutation          5
   Trog disapproves of the use of such an item.
 C - a book of Annihilations

   Spells                             Type                      Level
   a - Poison Arrow                   Conjuration/Poison           6
   b - Chain Lightning                Conjuration/Air              8
   c - Lehudib's Crystal Spear        Conjuration/Earth            8
   d - Glaciate                       Conjuration/Ice              9
   e - Fire Storm                     Conjuration/Fire             9
   Trog disapproves of the use of such an item.
Comestibles
 c - 8 bread rations
 g - a meat ration
 h - 5 fruits
 x - 9 beef jerkies
 O - a chunk of flesh


   Skills:
 + Level 4.4 Fighting
 - Level 16.0 Axes
 * Level 10.7 Armour
 - Level 2.1 Dodging
 * Level 3.0 Shields


You had 9 spell levels left.
You didn't know any spells.

Dungeon Overview and Level Annotations

Branches:
Dungeon (9/15)             Temple (1/1) D:5             Orc (2/2) D:9
   Lair: D:8-11         Elf: Orc:2

Altars:
Ashenzari
Cheibriados
Dithmenos
Elyvilon
Fedhas
Gozag
Kikubaaqudgha
Makhleb
Nemelex Xobeh
Okawaru
Pakellas
Ru
Sif Muna
Trog
Vehumet
Xom
Yredelemnul
Zin
The Shining One

Shops:
D:6 %

Annotations:
D:2 Robin


Innate Abilities, Weirdness & Mutations

You reflexively headbutt those who attack you in melee.
You have a pair of horns on your head.
You are clumsy. (Dex -2)
Your body sometimes deteriorates upon taking damage.
You occasionally shout uncontrollably at your foes.


Message History

You are exhausted.
You feel yourself slow down.
You are feeling hungry.
The warg barely misses you. You furiously retaliate!
You headbutt the warg! The warg completely misses you.
The orc hits you but does no damage. x2
The warg closely misses you.
The orc knight hits you with a great mace!!
* * * LOW HITPOINT WARNING * * *
Unknown command.
You offer a prayer to Trog.
Trog is greatly pleased with you.
Read which item? (? for menu, Esc to quit)
As you read the scroll of teleportation, it crumbles to dust.
You feel strangely unstable.
The warg bites you but does no damage. x2
The warg closely misses you. The warg barely misses you.
The orc hits you but does no damage. The warg bites you.
* * * LOW HITPOINT WARNING * * *
The orc hits you but does no damage. The orc barely misses you.
The warg bites you.
You die...

....#..........
..............#
...............
...............
...............
.............#.
.o....ooh......
..T..oo@oh.....
......hhh.....$
......o..o.....
...............
##..#######.###
#.. .# #. # #


You could see an orc knight, an orc high priest, a troll, 5 wargs, an orc
warrior and 5 orcs.

Vanquished Creatures
  The ghost of cba the Covert, a journeyman OpAs of Dithmenos (D:9)
  A cyclops (Orc:1)
  The ghost of Nukefarmer the Shield-Bearer, a novice MiFi of Ru (D:5)
  Psyche (D:9)
  A troll (D:9)
  A hippogriff (D:8)
  A hungry ghost (D:6)
  A warg (Orc:1)
  A water moccasin (D:8)
  Duvessa (D:6)
  4 sky beasts
  2 ice beasts
  2 phantoms
  6 orc warriors
  2 centaurs
  A crocodile (D:6)
  8 ogres
  2 big kobolds
  4 giant frogs
  A wyvern zombie (D:6)
  3 scorpions
  Dowan (D:6)
  A wyvern skeleton (D:9)
  12 killer bees
  4 wights (D:8)
  A howler monkey (D:4)
  3 crimson imps
  A wasp zombie (D:8)
  9 orc priests
  3 jellies
  A centaur skeleton (D:8)
  A giant frog skeleton (D:7)
  5 hounds
  9 orc wizards
  4 iguanas
  5 worker ants
  3 sheep (Orc:1)
  A hound zombie (D:5)
  A hound skeleton (D:7)
  2 worker ant zombies
  11 adders
  3 gnolls (D:8)
  3 shadow imps
  3 oozes
  An adder zombie (D:5)
  2 adder skeletons
  2 worms (D:2)
  A dart slug (D:2)
  2 giant geckos (D:7)
  38 orcs
  A ball python (D:1)
  3 bats
  4 giant cockroaches
  8 goblins
  2 hobgoblins
  2 jackals (D:5)
  27 kobolds
  3 quokkas
  A giant cockroach zombie (D:5)
  A giant gecko skeleton (D:9)
  A giant gecko zombie (D:5)
  5 giant newts
  2 quokka skeletons
  4 rats
  5 plants (D:4)
247 creatures vanquished.

Vanquished Creatures (collateral kills)
  A wight (D:8)
1 creature vanquished.

Vanquished Creatures (others)
  A plant (D:2)
1 creature vanquished.

Grand Total: 249 creatures vanquished

Notes
Turn   | Place    | Note
--------------------------------------------------------------
     0 | D:1      | Fudda the Minotaur Berserker began the quest for the Orb.
     0 | D:1      | Reached XP level 1. HP: 19/19 MP: 0/0
   327 | D:1      | Reached skill level 4 in Axes
   372 | D:1      | Reached XP level 2. HP: 23/27 MP: 1/1
   535 | D:2      | Noticed Robin
   724 | D:2      | Reached ** piety under Trog
   747 | D:2      | Reached skill level 5 in Axes
   783 | D:2      | Reached XP level 3. HP: 33/33 MP: 2/2
  1175 | D:3      | Reached XP level 4. HP: 27/40 MP: 3/3
  1177 | D:3      | Reached skill level 6 in Axes
  1385 | D:3      | Found a burning altar of Makhleb.
  1385 | D:3      | Found a shimmering altar of Xom.
  1385 | D:3      | Found a glowing golden altar of the Shining One.
  1397 | D:3      | Found a glowing silver altar of Zin.
  1591 | D:3      | Found an oddly glowing altar of Pakellas.
  1593 | D:3      | Reached XP level 5. HP: 46/46 MP: 4/4
  1735 | D:3      | Reached skill level 7 in Axes
  2145 | D:4      | Reached skill level 8 in Axes
  2156 | D:4      | Reached XP level 6. HP: 43/52 MP: 5/5
  2284 | D:4      | Reached *** piety under Trog
  2364 | D:4      | Reached skill level 9 in Axes
  2701 | D:4      | Reached XP level 7. HP: 58/58 MP: 6/6
  3106 | D:5      | Entered Level 5 of the Dungeon
  3326 | D:5      | Found an iron altar of Okawaru.
  3376 | D:5      | Reached skill level 10 in Axes
  3380 | D:5      | Gained mutation: Your body sometimes deteriorates upon taking damage. [mutagenic meat]
  3382 | D:5      | Noticed Nukefarmer's ghost (novice MiFi)
  3425 | D:5      | Killed Nukefarmer's ghost
  3425 | D:5      | Reached skill level 11 in Axes
  3425 | D:5      | Reached XP level 8. HP: 66/66 MP: 7/7
  3674 | D:5      | Reached skill level 12 in Axes
  3954 | D:5      | Gained mutation: You occasionally shout uncontrollably at your foes. [mutagenic meat]
  3955 | D:5      | Gained mutation: You are clumsy. (Dex -2) [mutagenic meat]
  4049 | D:5      | Found a shadowy altar of Dithmenos.
  4417 | D:5      | Found a staircase to the Ecumenical Temple.
  4499 | D:5      | Reached skill level 13 in Axes
  4508 | Temple   | Entered the Ecumenical Temple
  4820 | D:6      | Reached **** piety under Trog
  5048 | D:6      | Found Zeutzaeb's Food Shoppe.
  5236 | D:6      | Reached XP level 9. HP: 49/71 MP: 8/8
  5270 | D:6      | Reached skill level 14 in Axes
  5395 | D:6      | Noticed Duvessa
  5397 | D:6      | Noticed Dowan
  5405 | D:6      | Killed Dowan
  5411 | D:6      | Killed Duvessa
  5945 | D:6      | Reached skill level 15 in Axes
  5945 | D:6      | Paralysed by fainting for 9 turns
  6293 | D:7      | Received a gift from Trog
  7187 | D:7      | Reached skill level 16 in Axes
  7191 | D:7      | Found a radiant altar of Vehumet.
  7692 | D:8      | Reached XP level 10. HP: 78/78 MP: 9/9
  7744 | D:8      | Found a blossoming altar of Fedhas.
  7775 | D:8      | Reached skill level 5 in Armour
  7870 | D:8      | Found a snail-covered altar of Cheibriados.
  7988 | D:8      | Found an opulent altar of Gozag.
  8804 | D:9      | Noticed Psyche
  8809 | D:9      | Killed Psyche
  8901 | D:9      | Found an opulent altar of Gozag.
  8931 | D:9      | Noticed cba's ghost (journeyman OpAs)
  8951 | D:9      | Killed cba's ghost
  8951 | D:9      | Reached skill level 1 in Shields
  9025 | D:9      | Reached skill level 10 in Armour
  9367 | D:9      | Found a staircase to the Orcish Mines.
  9555 | Orc:1    | Entered Level 1 of the Orcish Mines
  9559 | Orc:1    | Noticed a cyclops
  9580 | Orc:1    | Killed a cyclops
  9761 | Orc:2    | Entered Level 2 of the Orcish Mines
  9783 | Orc:2    | Noticed an orc knight
  9793 | Orc:2    | Noticed an orc high priest
  9794 | Orc:2    | HP: 4/80 [warg (5)]
  9794 | Orc:2    | Slain by a warg

Skill      XL: |  1  2  3  4  5  6  7  8  9 10 |
---------------+-------------------------------+-----
Axes           | 4 5 6 8 9 11 13 16 | 16.0
Armour         | 4 10 | 10.7
Shields        | 3 |  3.0
Fighting       | 4 |  4.4
Dodging        | |  2.1

Action                   |  1- 3 |  4- 6 |  7- 9 | 10-12 || total
-------------------------+-------+-------+-------+-------++-------
Melee: Hand axe          |    67 |   160 |   184 |       ||   411
       Headbutt          |     8 |    25 |    84 |    21 ||   138
       War axe           |       |       |   185 |   174 ||   359
       Battleaxe         |       |       |       |     2 ||     2
Invok: Berserk           |       |     7 |    16 |     8 ||    31
       Trog's Hand       |       |     1 |     8 |     4 ||    13
       Brothers in Arms  |       |       |     2 |       ||     2
  Use: Scroll            |       |       |     4 |     1 ||     5
 Stab: Sleeping          |     1 |       |       |       ||     1
  Eat: Chunk             |     1 |    10 |    13 |    14 ||    38
       Meat ration       |       |     1 |     5 |       ||     6
       Bread ration      |       |       |     1 |       ||     1
       Fruit             |       |       |     1 |       ||     1
Armor: Scale mail        |    28 |    12 |       |       ||    40
       Chain mail        |       |    77 |    46 |       ||   123
       Plate armour      |       |       |   101 |   128 ||   229
Dodge: Dodged            |    33 |    54 |    97 |    93 ||   277
Block: Buckler           |       |       |       |    18 ||    18
